 Dungeon Crawl Stone Soup version 0.24.0-35-gdb84b6a5db (webtiles) character file.

Game seed: 3366396863956976848, levelgen mode: deterministic

133 DildoBatman the Conjurer (level 5, -8/35 HPs)
             Began as a Formicid Wizard on Nov 19, 2019.
             Mangled by an ogre
             ... wielding a +0 giant spiked club
              (15 damage)
             ... on level 3 of the Dungeon.
             The game lasted 00:06:55 (2985 turns).

DildoBatman the Conjurer (Formicid Wizard)          Turns: 2985, Time: 00:06:56

Health: -8/35      AC:  2    Str: 11    XL:     5   Next: 40%
Magic:  2/9        EV: 12    Int: 19    God:
Gold:   188        SH:  0    Dex:  9    Spells: 3/10 levels left

rFire    . . .     SeeInvis +   e - +0 short sword
rCold    . . .     Gourm    .   (no shield)
rNeg     + . .     Faith    .   a - +0 robe
rPois    .         Spirit   .   (helmet unavailable)
rElec    .         Reflect  .   (no cloak)
rCorr    .         Harm     .   (no gloves)
MR       +....                  (no boots)
Stlth    +.........             m - amulet of magic regeneration
HPRegen  0.11/turn              x - ring of protection from magic
MPRegen  0.36/turn              p - ring of positive energy

@: confused, very slightly contaminated
A: permanent stasis, dig shafts and tunnels, four strong arms, antennae 3
a: Dig, Shaft Self


You were on level 3 of the Dungeon.
You were very hungry.

You visited 1 branch of the dungeon, and saw 4 of its levels.

You collected 188 gold pieces.

Inventory:

Hand Weapons
 e - a +0 short sword (weapon)
 g - a +0 hunting sling
 h - a +0 spear
 i - a +0 hunting sling
 j - a +1 dagger of speed
 k - a +0 hunting sling
 A - a +0 mace of crushing
Missiles
 f - 51 stones (quivered)
 n - 17 poisoned darts
 r - 14 sling bullets
 u - 5 silver javelins
 y - 32 bolts
Armour
 a - a +0 robe (worn)
Jewellery
 m - an amulet of magic regeneration (around neck)
 p - a ring of positive energy (right hand)
 w - an uncursed ring of protection from magic
 x - a ring of protection from magic (left hand)
Wands
 o - a wand of flame (7)
Scrolls
 b - 2 scrolls of enchant armour {unknown}
 d - 6 scrolls of identify {unknown}
 l - 2 scrolls of teleportation {unknown}
 q - a scroll of fog {unknown}
 t - a scroll of amnesia {unknown}
Potions
 c - a potion of invisibility {unknown}
 s - a potion of resistance {unknown}
 z - 2 potions of ambrosia {unknown}
 B - a potion of agility {unknown}
Comestibles
 v - 6 rations


   Skills:
 - Level 1.7 Dodging
 - Level 2.4 Stealth
 - Level 3.2 Spellcasting
 * Level 4.4 Conjurations
   Level 1.0 Summonings
   Level 0.8 Translocations


You had 3 spell levels left.
You knew the following spells:

 Your Spells              Type           Power        Failure   Level  Hunger
a - Conjure Flame         Conj/Fire      ##......     19%         3    ###....
c - Magic Dart            Conj           ###.         2%          1    None
e - Mephitic Cloud        Conj/Pois/Air  #.......     24%         3    ###....

Your spell library contained the following spells:

 Spells                   Type           Power        Failure   Level  Hunger
 Searing Ray              Conj           ###...       3%          2    ##.....
 Call Imp                 Summ           #.......     16%         2    ##.....
 Dazzling Spray           Conj/Hex       ##....       19%         3    ###....
 Slow                     Hex            #.......     22%         2    ##.....
 Iskenderun's Mystic Bla  Conj           ###.....     24%         4    ####...
 Force Lance              Conj/Tloc      ##......     45%         4    ####...
 Fulminant Prism          Conj/Hex       ##........   52%         4    ####...
 Blink                    Tloc           Unusable     N/A         2    N/A

Dungeon Overview and Level Annotations

Branches:
Dungeon (4/15)
 Temple: D:4-7

Altars:
Vehumet

Annotations:
D:3 exclusion: sensed monster (detected), Jessica


Innate Abilities, Weirdness & Mutations

You cannot be hasted, slowed, berserked, paralysed or teleported.
You can dig through walls and to a lower floor.
Your four strong arms can wield two-handed weapons with a shield.
You have a pair of large antennae on your head. (SInv)


Message History

The ogre is engulfed in noxious fumes.
The ogre appears confused.
The ogre barely misses you.
You're too confused to move!
You are engulfed in noxious fumes.
You choke on the stench!
You are more confused.
The ogre is engulfed in noxious fumes.
The ogre appears confused.
The ogre completely misses you.
You're too confused to move!
You are engulfed in noxious fumes.
You choke on the stench!
You are more confused.
You bump into the rock wall.
You are engulfed in noxious fumes.
You choke on the stench!
You are more confused.
The ogre hits you with a +0 giant spiked club!
You die...

#######.#
#.# #.#
#.# #.#
#..
#.#####
#... ##.
#.....#
#..#
####.
#####.#
.# #...)
#.# .#
#.### #.#
.### # #
#O# @.. #
#@#####.#
#
#....@..#
{
#########


You could see an ogre (confused) and Jessica.

Vanquished Creatures
  2 worker ants (D:4)
  2 adders
  An adder skeleton (D:4)
  2 worms (D:2)
  3 dart slugs
  A leopard gecko (D:1)
  2 giant cockroaches
  4 goblins
  2 hobgoblins
  7 jackals (D:1)
  A quokka (D:4)
  8 bats
  3 frilled lizards
  12 kobolds
  5 rats
55 creatures vanquished.

Vanquished Creatures (others)
  A kobold (D:3)
1 creature vanquished.

Grand Total: 56 creatures vanquished

Notes
Turn   | Place    | Note
-------+----------+-------------------------------------------
     0 | D:1      | DildoBatman the Formicid Wizard began the quest for the
                  | Orb.
     0 | D:1      | Reached XP level 1. HP: 13/13 MP: 4/4
     9 | D:1      | Reached skill level 1 in Conjurations
   254 | D:1      | Reached XP level 2. HP: 19/19 MP: 1/6
   317 | D:1      | Reached skill level 2 in Conjurations
   946 | D:1      | Reached XP level 3. HP: 24/24 MP: 5/7
   956 | D:1      | Learned a level 3 spell: Conjure Flame
   960 | D:1      | Learned a level 3 spell: Mephitic Cloud
  1295 | D:2      | Reached skill level 3 in Conjurations
  1798 | D:2      | Reached XP level 4. HP: 30/30 MP: 1/8
  2203 | D:3      | Found a radiant altar of Vehumet.
  2362 | D:3      | Noticed Jessica
  2668 | D:4      | Reached skill level 4 in Conjurations
  2668 | D:4      | Reached XP level 5. HP: 27/35 MP: 3/9
  2910 | D:4      | Noticed a phantom
  2910 | D:4      | Noticed an ogre
  2985 | D:3      | Mangled by an ogre

Levels and vault maps discovered:
D:1:      dpeg_arrival_tiny_b, layout_rooms, st_stairs_8, minmay_pentomino_v4
D:2:      layout_basic
D:3:      layout_basic, fiery_altar_vehumet, lemuel_doored_altar, first_ration,
          uniq_jessica
D:4:      layout_layer_cave, kennysheep_mini, okawaru_trees_1,
          minmay_temple_entry_glassed_door, kennysheep_potato

Skill      XL: |  1  2  3  4 |
---------------+-------------+-----
Conjurations   | 1 2 3 4 |  4.4
Dodging        | |  1.7
Stealth        | |  2.4
Spellcasting   | |  3.2
Summonings     | |  1.0
Translocations | |  0.8

Action                   |  1- 3 |  4- 6 || total
-------------------------+-------+-------++-------
Melee: Short sword       |    23 |     8 ||    31
 Cast: Magic Dart        |    96 |    43 ||   139
       Mephitic Cloud    |       |     2 ||     2
 Abil: Dig               |     1 |       ||     1
  Eat: Chunk             |     3 |     2 ||     5
Armor: Robe              |     7 |     3 ||    10
Dodge: Dodged            |    29 |    17 ||    46
